 Dungeon Crawl Stone Soup version 0.31-a0-149-g3fdcc5976a (webtiles) character file.

Game seed: 2430317531059345260

1250 pokeman the Thaumaturge (level 8, -2/44 HPs)
             Began as a Deep Elf Hedge Wizard on June 8, 2023.
             Shot with a sling bullet by Joseph (6 damage)
             ... on level 7 of the Dungeon.
             The game lasted 00:10:19 (6273 turns).

pokeman the Thaumaturge (Deep Elf Hedge Wizard)     Turns: 6273, Time: 00:10:20

Health: -2/44      AC:  5    Str:  7    XL:     8   Next: 26%
Magic:  17/23      EV: 13    Int: 28    God:
Gold:   243        SH:  0    Dex: 14    Spells: 17/25 levels left

rFire   . . .        k - +1 dagger (venom)
rCold   . . .        (no shield)
rNeg    . . .        F - +1 robe "Dugoxkai" {Stlth+}
rPois   .            c - +0 hat
rElec   .            o - +0 cloak
rCorr   .            f - +0 pair of gloves
SInv    +            (no boots)
Will    .....        (no amulet)
Stlth   +++          t - +6 ring of intelligence
HPRegen 0.27/turn    u - ring of see invisible
MPRegen 0.18/turn

%: no passive effects
@: no status effects
A: no striking features
a: no special abilities


You were on level 7 of the Dungeon.
You visited 2 branches of the dungeon, and saw 8 of its levels.
You also visited: Sewer.

You collected 243 gold pieces.

Inventory:

Hand Weapons
 k - a +1 dagger of venom (weapon)
 n - a +3 quarterstaff of chaos
Missiles
 M - a throwing net
Armour
 c - a +0 hat (worn)
 f - a +0 pair of gloves (worn)
 o - a +0 cloak (worn)
 F - the +1 robe "Dugoxkai" (worn) {Stlth+}
   (You found it on level 6 of the Dungeon)

   Stlth:     It makes you more stealthy.
Magical Staves
 h - a staff of earth
 B - a staff of fire
Jewellery
 t - a +6 ring of intelligence (left hand)
 u - a ring of see invisible (right hand)
 A - an amulet of faith
 C - a ring of positive energy
Wands
 J - a wand of mindburst (9)
Scrolls
 a - 3 scrolls of enchant armour {unknown}
 b - a scroll of fear {unknown}
 e - 10 scrolls of identify {unknown}
 i - 2 scrolls of butterflies {unknown}
 m - a scroll of magic mapping {unknown}
 r - a scroll of noise {unknown}
 v - 2 scrolls of vulnerability {unknown}
 y - 2 scrolls of teleportation {unknown}
 D - a scroll of amnesia {unknown}
 G - a scroll of torment {unknown}
 H - a scroll of enchant weapon {unknown}
 K - a scroll of poison {unknown}
 L - a scroll of silence {unknown}
Potions
 d - 2 potions of magic
 g - 2 potions of degeneration {unknown}
 j - 4 potions of enlightenment {unknown}
 l - 2 potions of lignification {unknown}
 p - a potion of haste {unknown}
 q - 2 potions of might {unknown}
 s - a potion of brilliance {unknown}
 w - 5 potions of curing
 x - a potion of attraction {unknown}
 z - 5 potions of heal wounds {unknown}
 E - 2 potions of mutation {unknown}
 I - a potion of cancellation {unknown}


   Skills:
 - Level 2.0 Fighting
 + Level 2.4 Armour
 - Level 3.1 Dodging
 - Level 3.0 Stealth
 * Level 9.2 Spellcasting
 + Level 4.7 Conjurations
 - Level 1.1 Summonings
 - Level 1.1 Translocations
 + Level 3.5 Fire Magic
 - Level 1.0 Air Magic
 - Level 1.0 Earth Magic
 - Level 1.0 Poison Magic
 - Level 1.0 Evocations


You had 17 spell levels left.
You knew the following spells:

 Your Spells              Type           Power      Damage    Failure   Level
a - Magic Dart            Conj           100%       1d8       1%          1
b - Mephitic Cloud        Conj/Pois/Air  25%        N/A       5%          3
c - Call Imp              Summ           38%        N/A       4%          2
d - Blink                 Tloc           38%        N/A       4%          2

Your spell library contained the following spells:

 Spells                   Type           Power      Damage    Failure   Level
 Slow                     Hex            48%        N/A       4%          1
 Cigotuvi's Dreadful Rot  Necr/Pois/Air  32%        N/A       4%          2
 Summon Ice Beast         Ice/Summ       16%        N/A       34%         4
 Summon Mana Viper        Hex/Summ       16%        N/A       67%         5
 Monstrous Menagerie      Summ           9%         N/A       100%        7


Dungeon Overview and Level Annotations

Branches:
Dungeon (7/15)             Temple (1/1) D:6           Sewer (visited)

Altars:
Ashenzari
Cheibriados
Dithmenos
Elyvilon
Fedhas
Gozag
Hepliaklqana
Kikubaaqudgha
Makhleb
Nemelex Xobeh
Okawaru
Qazlal
Ru
Trog
Uskayaw
Zin

Shops:
D:2 :

Annotations:
D:5 3 runed translucent doors, rapeowns's ghost, novice MeTm
D:7 Joseph


Message History

The ball explodes into a vile cloud!
The stinking cloud engulfs Joseph but does no damage.
Joseph is engulfed in noxious fumes.
Joseph appears confused.
Unknown command.
Joseph is engulfed in noxious fumes.
Joseph laughs crazily.
Casting: Mephitic Cloud (dangerous; 5% risk of failure)
Confirm with . or Enter, or press ? or * to list all spells.
A tiny devil pulls itself out of the air.
You hit Joseph.
Joseph is lightly wounded.
Joseph unwields a +1 sling of freezing.
Joseph wields a +0 quarterstaff.
Joseph hits you with a +0 quarterstaff!
Joseph hits himself but does no damage.
You hit Joseph but do no damage.
Joseph is poisoned.
Joseph is lightly wounded.
Your cerulean imp hits Joseph but does no damage.
You hit Joseph.
Joseph is lightly wounded.
Joseph seems less confused.
Joseph hits you with a +0 quarterstaff!
Your cerulean imp hits Joseph but does no damage.
You hit Joseph.
Joseph looks as sick as possible!
Joseph is lightly wounded.
Joseph barely misses you.
Your cerulean imp barely misses Joseph.
Joseph attacks as you move away! Joseph misses you.
Joseph unwields a +0 quarterstaff.
Joseph wields a +1 sling of freezing.
It is covered in frost.
Joseph shoots a sling bullet.
The sling bullet closely misses you.
Your cerulean imp barely misses Joseph.
Casting: Call Imp (safe; 4% risk of failure)
Confirm with . or Enter, or press ? or * to list all spells.
Aiming: Mephitic Cloud (dangerous; 5% risk of failure)
Press: ? - help, Shift-Dir - straight line, f/p - Joseph
Aim: Joseph, wielding a +1 sling of freezing and wearing a +0 ring mail (moderately wounded, extremely poisoned, ally target, chance to affect: 72%)
The ball explodes into a vile cloud!
The stinking cloud engulfs Joseph but does no damage.
Joseph is moderately wounded.
Joseph is engulfed in noxious fumes.
Joseph shoots a sling bullet.
The sling bullet hits you!
* * * LOW HITPOINT WARNING * * *
The sling bullet freezes you.
You die...

#########.#
#.......#.# #.......#
# #.....#.......# .#
#.....#..#....#####.#
#.....#..#..........#
#.....#.#+..........#
#.....#.#...........#
#.....#.#.#.@5......#
#.....#.#.#○.####....#
+.....#.#.#@☼# ....#
#.....#.#.#☼☼# ...#
#.....#.#.#..+ ...#
###.....# ...# ..# #.#
#...######## ..# #.#
#...# #.#####...#


You could see Joseph (extremely poisoned, ally target) and a friendly cerulean
imp (summoned).

Vanquished Creatures
  A sky beast (D:6)
  A black bear (D:5)
  An ogre (D:5)
  2 scorpions
  4 bullfrogs
  The ghost of Danienth the Magician, a weakling DsHW of Wu Jian (D:4)
  3 hounds
  Crazy Yiuf (D:2)
  An orc priest (D:6)
  A jelly (D:4)
  2 iguanas
  An orc wizard (D:6)
  5 gnolls
  11 adders
  4 river rats (Sewer)
  An ufetubus (D:6)
  4 worms
  A dart slug (D:1)
  11 orcs
  6 endoplasms
  5 giant cockroaches
  3 hobgoblins
  3 jackals (D:2)
  7 quokkas
  13 ball pythons
  5 bats
  3 frilled lizards
  6 goblins
  5 kobolds
  22 rats
134 creatures vanquished.

Vanquished Creatures (collateral kills)
  A sleepcap (D:5)
  An orc (D:4)
2 creatures vanquished.

Grand Total: 136 creatures vanquished

Notes
Turn   | Place    | Note
-------+----------+-------------------------------------------
     0 | D:1      | pokeman the Deep Elf Hedge Wizard began the quest for the
                  | Orb.
     0 | D:1      | Reached XP level 1. HP: 10/10 MP: 7/7
   204 | D:1      | Reached XP level 2. HP: 15/15 MP: 2/9
   807 | D:1      | Reached skill level 5 in Spellcasting
  1112 | D:2      | Reached XP level 3. HP: 17/20 MP: 8/11
  1124 | D:2      | Learned a level 3 spell: Mephitic Cloud
  1127 | D:2      | Learned a level 2 spell: Call Imp
  1130 | D:2      | Learned a level 2 spell: Blink
  1459 | D:2      | Reached skill level 1 in Fighting
  1703 | D:2      | Found Ockirghe's Book Shoppe.
  2167 | D:2      | Found a runed translucent door.
  2168 | D:2      | Noticed Crazy Yiuf
  2261 | D:2      | Killed Crazy Yiuf
  2262 | D:2      | Reached skill level 1 in Armour
  2262 | D:2      | Reached XP level 4. HP: 14/25 MP: 5/13
  3139 | D:4      | Noticed a scorpion
  3146 | D:4      | Killed a scorpion
  3147 | D:4      | Reached skill level 6 in Spellcasting
  3147 | D:4      | Reached XP level 5. HP: 29/29 MP: 7/15
  3481 | D:4      | Found a runed translucent door.
  3482 | D:4      | Noticed Danienth's ghost (weakling DsHW)
  3593 | D:4      | Killed Danienth's ghost
  3594 | D:4      | Reached skill level 1 in Air Magic
  3693 | D:5      | Entered Level 5 of the Dungeon
  3718 | D:5      | Noticed a black bear
  3732 | D:5      | Killed a black bear
  3733 | D:5      | Reached XP level 6. HP: 19/34 MP: 12/17
  3745 | D:5      | Reached skill level 7 in Spellcasting
  3745 | D:5      | Reached skill level 1 in Fire Magic
  3834 | D:5      | Reached skill level 1 in Earth Magic
  3834 | D:5      | Reached skill level 1 in Poison Magic
  3834 | D:5      | Reached skill level 1 in Evocations
  4042 | D:5      | Found a burning altar of Makhleb.
  4067 | D:5      | Reached XP level 7. HP: 15/38 MP: 13/19
  4490 | D:5      | Found a runed translucent gate.
  4490 | D:5      | Found a runed translucent gate.
  4490 | D:5      | Found a runed translucent gate.
  4491 | D:5      | Noticed rapeowns's ghost (novice MeTm)
  4633 | D:6      | Found a staircase to the Ecumenical Temple.
  4671 | D:6      | Reached skill level 8 in Spellcasting
  4677 | D:6      | Identified the +1 robe "Dugoxkai" {Stlth+}
  4686 | Temple   | Entered the Ecumenical Temple
  5061 | D:6      | Found a glowing drain.
  5075 | Sewer    | Entered a sewer
  5578 | Sewer    | Reached XP level 8. HP: 20/44 MP: 8/22
  5739 | D:6      | Reached skill level 9 in Spellcasting
  5868 | D:6      | Found an iron altar of Okawaru.
  6258 | D:7      | Noticed Joseph
  6273 | D:7      | Shot with a sling bullet by Joseph

Illustrated notes

Levels and vault maps discovered:
D:1:      dpeg_arrival_court, layout_rooms
D:2:      layout_loops_corners, serial_shops, shop, uniq_crazy_yiuf_cottage
D:3:      layout_basic
D:4:      layout_rooms, ebering_ghost_inner_flame
D:5:      nicolae_BIG_FREAKIN_CUBE, layout_loops_ring,
          mainiacjoe_overflow_small_starburst, gammafunk_ghost_nasty_kobolds
D:6:      layout_rooms, okawaru_altar_gauntlet_db,
          minmay_temple_entry_overgrown, gup_sewer_entry_pipe
D:7:      layout_gridville, serial_co_window_serial, co_window_corner_a,
          co_window_corner_a, co_window_corner_a, co_window_corner_a,
          co_window_cross_1, co_window_paths_a, co_window_corner_a,
          co_window_of_opportunity_a, co_window_paths_a, co_window_corner_cb,
          co_window_of_opportunity_b, co_window_cross_2, co_window_2corner,
          co_window_2corner, co_window_corner_ca, glass_columns_a,
          glass_columns_a, glass_columns_b, uniq_menkaure, uniq_joseph
Temple:   minmay_temple_curvy_branch

Skill      XL: |  1  2  3  4  5  6  7  8 |
---------------+-------------------------+-----
Spellcasting   | 5 6 7 8 9 |  9.2
Fighting       | 1 2 |  2.0
Conjurations   | 2 3 4 |  4.7
Armour         | 1 2 |  2.4
Dodging        | 3 |  3.1
Stealth        | 3 |  3.0
Air Magic      | 1 |  1.0
Fire Magic     | 1 3 |  3.5
Earth Magic    | 1 |  1.0
Poison Magic   | 1 |  1.0
Evocations     | 1 |  1.0
Summonings     | |  1.1
Translocations | |  1.1

Action                     |  1- 3 |  4- 6 |  7- 9 || total
---------------------------+-------+-------+-------++-------
  Melee: Dagger            |    30 |    26 |    47 ||   103
         Punch             |     1 |       |     3 ||     4
   Cast: Magic Dart        |   102 |    68 |   114 ||   284
         Mephitic Cloud    |     1 |     9 |     9 ||    19
         Call Imp          |     1 |     3 |     1 ||     5
         Blink             |       |       |     1 ||     1
   Stab: Confused          |     1 |     1 |     7 ||     9
 Armour: Robe              |    11 |     7 |    13 ||    31
  Dodge: Dodged            |    34 |    23 |    50 ||   107

Table legend: (Time is in decaauts)
 A = Elapsed time spent in this place.
 B = Non-inter-level travel time spent in this place.
 C = Inter-level travel time spent in this place.
 D = Time resting spent in this place.
 E = Time spent auto-exploring this place.
 F = Levels seen in this place.
 G = Mean time per level.
                   A        B        C        D        E       F      G
               +--------+--------+--------+--------+--------+-----+--------+
         Total |   6314 |   6024 |    290 |    177 |   4929 |   9 |  701.6 |
       Dungeon |   5359 |   5089 |    270 |    177 |   4120 |   7 |  765.6 |
        Temple |    304 |    284 |     20 |      0 |    277 |   1 |  304.0 |
         Sewer |    650 |    650 |      0 |      0 |    531 |   1 |  650.0 |
               +--------+--------+--------+--------+--------+-----+--------+

Top non-repeatable levels by time:
     D:2: 1383 daAuts
     D:1: 1071 daAuts
     D:5: 969 daAuts
     D:4: 731 daAuts
   Sewer: 650 daAuts
     D:6: 595 daAuts
     D:3: 503 daAuts
  Temple: 304 daAuts
     D:7: 103 daAuts
